 Dungeon Crawl Stone Soup version 0.32-a0-612-g1c984fe9d1 (webtiles) character file.

Game seed: 6004464140152739113

210 ezpacito the Trooper (level 5, 0/42 HPs)
             Began as a Coglin Chaos Knight on Mar 4, 2024.
             Was a Plaything of Xom.
             Splashed by a jelly's acid (3 damage)
             ... on level 4 of the Dungeon.
             The game lasted 00:03:13 (2324 turns).

ezpacito the Trooper (Coglin Chaos Knight)          Turns: 2324, Time: 00:03:13

Health: 0/42       AC:  6    Str: 11    XL:     5   Next: 87%
Magic:  6/6        EV: 12    Int: 11    God:    Xom [...*..]
Gold:   96         SH:  0    Dex: 19    Spells: 5/5 levels left

rFire   . . .        a - +0 hand axe (chaos) {Nimrit}
rCold   . . .        z - +0 hand axe (venom) {Impisi}
rNeg    . . .        b - +2 leather armour
rPois   +            (helmet restricted)
rElec   .            (no cloak)
rCorr   .            w - +0 pair of gloves
SInv    .            (no boots)
Will    .....        (amulet unavailable)
Stlth   ++           (ring unavailable)
HPRegen 0.27/turn    (ring unavailable)
MPRegen 0.10/turn    (no gizmo)

%: no passive effects
@: weakened, revving
A: off-hand wielding, slow wielding, warmup strikes, no jewellery, horns 1,
agile 1, high MP 1, poison resistance
a: Invent Gizmo, Renounce Religion


You were on level 4 of the Dungeon.
You worshipped Xom.
You were a favourite toy of Xom.
You visited 1 branch of the dungeon, and saw 5 of its levels.

You collected 96 gold pieces.

Inventory:

Hand Weapons
 a - a +0 hand axe of chaos (weapon) {Nimrit}
 o - a +0 arbalest of flaming
 z - a +0 hand axe of venom (offhand) {Impisi}
Missiles
 r - 5 atropa-tipped darts
Armour
 b - a +2 leather armour (worn)
 k - a +0 chain mail
 n - a +0 plate armour
 w - a +0 pair of gloves (worn)
 y - a scarf of repulsion
Wands
 u - a wand of iceblast (13)
 D - a wand of digging (5)
Scrolls
 f - a scroll of enchant weapon {unknown}
 g - a scroll of fear
 i - 2 scrolls of identify
 l - a scroll of enchant armour {unknown}
 p - a scroll of amnesia {unknown}
 s - 2 scrolls of fog
 t - 3 scrolls of teleportation
 x - a scroll of noise {unknown}


   Skills:
 * Level 3.9 Fighting
 * Level 3.8(4.0) Axes
 + Level 1.1(2.5) Polearms
 * Level 2.8 Armour
 * Level 2.1 Dodging
 + Level 1.0 Stealth
 + Level 0.9 Spellcasting


You had 5 spell levels left.
You didn't know any spells.
Your spell library contained the following spells:

 Spells                   Type           Power      Damage    Failure   Level
 Kiss of Death            Conj/Necr      0%         2d5       38%         1
 Necrotise                Necr           0%         1d4       38%         1
 Shock                    Conj/Air       0%         1d3       38%         1
 Confusing Touch          Hex            0%         N/A       77%         3
 Swiftness                Air            0%         N/A       77%         3
 Vampiric Draining        Necr           0%         2d6       77%         3
 Airstrike                Air            0%         2d(0-16)  99%         4
 Dispel Undead            Necr           0%         3d6       99%         4
 Passage of Golubria      Tloc           0%         N/A       99%         4
 Silence                  Hex/Air        0%         N/A       100%        5
 Lehudib's Crystal Spear  Conj/Erth      0%         10d2      100%        8


Dungeon Overview and Level Annotations

Branches:
Dungeon (5/15)             Temple (0/1) D:4

Altars:
Dithmenos
Elyvilon

Shops:
D:5 [

Annotations:
D:5 Blork the orc


Innate Abilities, Weirdness & Mutations

You can wield a second weapon in your off-hand.
It takes a long time for you to wield or remove held weapons.
Your first few attacks do less damage.
You cannot equip rings or amulets.
You have a pair of small horns on your head.
You are agile. (Dex +4, Str/Int -1)
You have an increased reservoir of magic. (+10% MP)
Your system is resistant to poisons. (rPois)


Message History

Your headbutt misses the gnoll.
You hit the gnoll with your +0 hand axe of chaos.
The gnoll evaporates and reforms as a bombardier beetle!
The gnoll bouda barks out a call to the hunt!
The gnolls pick up the pace!
Xom makes a sudden noise!
You hear a high-pitched scream!
The orc shouts!
The gnoll hits you with a +0 whip!
You take 7 damage, and have 32/42 hp.
The gnoll closely misses you. The gnoll hits you but does no damage.
The gnoll attacks as it pursues you! The gnoll barely misses you.
The gnoll attacks as it pursues you! The gnoll hits you but does no damage.
The gnoll attacks as it pursues you!
The gnoll hits you from afar with a +0 halberd.
The gnoll bouda gazes fiercely through you!
You feel your attacks grow feeble.
There is a stone staircase leading up, spattered with blood here.
You take 2 damage, and have 31/42 hp.
The gnoll barely misses you. x2
You climb upwards.
The jelly misses you.
There is a stone staircase leading down, spattered with blood here.
You hit the jelly with your +0 hand axe of chaos.
Your graspers burn!
The jelly is moderately wounded.
You closely miss the gnoll with your +0 hand axe of chaos.
You hit the gnoll with your +0 hand axe of chaos.
You freeze the gnoll. You hit the jelly but do no damage.
The jelly is poisoned.
Your graspers burn!
You barely miss the gnoll with your +0 hand axe of venom. x2
The gnoll is no longer moving quickly.
The gnoll hits you with a +0 flail! The gnoll barely misses you.
The jelly hits you.
You are splashed with acid!
* * * LOW HITPOINT WARNING * * *
The gnoll hits you with a +0 flail.
* * * LOW HITPOINT WARNING * * *
You take 29 damage, and have 3/42 hp.
MASSIVE DAMAGE!!
You hit the jelly with your +0 hand axe of chaos.
Your graspers burn!
You die...
Xom guffaws!

... .# . # ... :#.#
####. #.##.#. .>...
#..... ......#....#
......#[##.#
...........#
....†.J@g..# #. #
......#.g..# #.####.#
..... ####.#
#ßßß##.####.#.#####.#
ß...ß...# # #.......#
ß.>...... #######.#
ß...ß##.# ########.#
#ßßß###.# ##........#
##...##.###..########


You could see a jelly (very poisoned) and 2 gnolls.

Vanquished Creatures
  A scorpion (D:5)
  A hound (D:4)
  5 adders
  3 dart slugs (D:1)
  2 ribbon worms
  9 orcs
  5 ball pythons
  9 endoplasms
  3 hobgoblins
  A quokka (D:1)
  3 bats
  7 frilled lizards
  3 goblins
  3 kobolds
  6 rats
61 creatures vanquished.

Notes
Turn   | Place    | Note
-------+----------+-------------------------------------------
     0 | D:1      | ezpacito the Coglin Chaos Knight began the quest for the
                  | Orb.
     0 | D:1      | Reached XP level 1. HP: 18/18 MP: 1/1
    30 | D:1      | Reached skill level 1 in Dodging
    30 | D:1      | Reached XP level 2. HP: 24/24 MP: 2/2
   112 | D:1      | Found a faded altar of an unknown god.
   286 | D:1      | Reached XP level 3. HP: 22/29 MP: 3/3
   302 | D:1      | XOM: silly message
   409 | D:1      | XOM: god gift: book of Touch
   508 | D:1      | XOM: give mutations
   508 | D:1      | Gained mutation: You have a pair of small horns on your
                  | head. [Xom's grace]
   508 | D:1      | Gained mutation: You have an increased reservoir of magic.
                  | (+10% MP) [Xom's grace]
   508 | D:1      | Gained mutation: Your system is resistant to poisons.
                  | (rPois) [Xom's grace]
   508 | D:1      | Gained mutation: You are agile. (Dex +4, Str/Int -1) [Xom's
                  | grace]
   873 | D:2      | Got the Almanac of the Dead
  1175 | D:3      | XOM: god gift: scroll labelled XICIAPLOSU {god gift}
  1240 | D:3      | Reached XP level 4. HP: 24/35 MP: 4/4
  1329 | D:3      | XOM: 7-stop teleportation journey
  1398 | D:3      | XOM: god gift: runed arbalest {god gift}
  1683 | D:3      | XOM: 2-stop teleportation journey
  1944 | D:4      | Found a white marble altar of Elyvilon.
  2056 | D:4      | Found a staircase to the Ecumenical Temple.
  2060 | D:4      | Noticed a scorpion
  2064 | D:4      | XOM: 6-stop teleportation journey
  2108 | D:4      | XOM is BORED!
  2137 | D:4      | Found a shadowy altar of Dithmenos.
  2163 | D:4      | Reached skill level 1 in Polearms
  2163 | D:4      | Reached XP level 5. HP: 37/42 MP: 6/6
  2203 | D:4      | Noticed Blork the orc
  2206 | D:4      | XOM: cast spell 'Leda's Liquefaction'
  2214 | D:4      | HP: 2/42 [poisoned by an adder]
  2218 | D:5      | Entered Level 5 of the Dungeon
  2218 | D:5      | Found Geyfup's Armour Emporium.
  2275 | D:5      | Reached skill level 1 in Stealth
  2315 | D:5      | XOM: noise
  2324 | D:4      | Splashed by a jelly's acid

Illustrated notes

Levels and vault maps discovered:
D:1:      dpeg_arrival_rooms_a, layout_rooms,
          ebering_ecumenical_altar_abandoned, dk_noncrumbling_4
D:2:      layout_rooms
D:3:      layout_loops_ring
D:4:      layout_loops_cross, okawaru_ov_weapons_minmay, elyvilon_altar_1,
          nicolae_dithmenos_shadow_blocks, minmay_temple_entry_statues,
          serial_rivers, chequers_serial_rivers_large_a,
          chequers_serial_rivers_micro_b, chequers_serial_rivers_marsh,
          chequers_serial_rivers_small_3, uniq_blork_the_orc
D:5:      layout_rooms, mainiacjoe_overflow_catwalk, kennysheep_vampire_church,
          serial_shops, nicolae_shop_advertising_works
          [nicolae_subvault_shop_adworks], kennysheep_cross_room, moated_statue

Skill      XL: |  1  2  3  4  5 |
---------------+----------------+-----
Armour         | 2 |  2.8
Dodging        | 1 2 |  2.1
Polearms       | 1 |  1.1
Stealth        | 1 |  1.0
Fighting       | |  3.9
Axes           | |  3.8
Spellcasting   | |  0.9

Action                     |  1- 3 |  4- 6 || total
---------------------------+-------+-------++-------
  Melee: Hand axe          |    59 |    73 ||   132
         Dagger            |    52 |    22 ||    74
         Headbutt          |     4 |    10 ||    14
    Use: Potion            |       |     6 ||     6
         Scroll            |       |     4 ||     4
   Stab: Distracted        |     1 |       ||     1
         Fleeing           |       |     1 ||     1
 Armour: Leather armour    |    37 |    38 ||    75
  Dodge: Dodged            |    44 |    44 ||    88

Table legend: (Time is in decaauts)
 A = Elapsed time spent in this place.
 B = Non-inter-level travel time spent in this place.
 C = Inter-level travel time spent in this place.
 D = Time resting spent in this place.
 E = Time spent auto-exploring this place.
 F = Levels seen in this place.
 G = Mean time per level.
                   A        B        C        D        E       F      G
               +--------+--------+--------+--------+--------+-----+--------+
         Total |   2339 |   2138 |    201 |     19 |   1714 |   5 |  467.8 |
       Dungeon |   2339 |   2138 |    201 |     19 |   1714 |   5 |  467.8 |
               +--------+--------+--------+--------+--------+-----+--------+

Top non-repeatable levels by time:
     D:3: 777 daAuts
     D:2: 578 daAuts
     D:1: 578 daAuts
     D:4: 299 daAuts
     D:5: 105 daAuts
